 Dungeon Crawl Stone Soup version 0.21.1-1-g345015f (webtiles) character file.

166930 xccam the Tortoise (level 17, 0/170 HPs)
             Began as a Minotaur Fighter on Feb 11, 2018.
             Was the Champion of the Shining One.
             Succumbed to a nagaraja's poison arrow
             ... on level 4 of the Snake Pit.
             The game lasted 01:45:42 (26305 turns).

xccam the Tortoise (Minotaur Fighter)              Turns: 26305, Time: 01:45:43

Health: 0/170      AC: 24    Str: 24    XL:     17   Next: 30%
Magic:  2/26       EV:  8    Int: 12    God:    the Shining One [******]
Gold:   1806       SH: 24    Dex: 18    Spells: 16/16 levels left

rFire    + + .     SeeInvis .   V - +9 broad axe (elec)
rCold    + + .     Gourm    .   d - +0 shield {rF+}
rNeg     + + +     Faith    .   b - +4 plate armour of the Swamp {rElec rPois rC+ Int+4}
rPois    .         Spirit   +   (helmet restricted)
rElec    +         Reflect  .   t - scarf {Spirit}
rCorr    .         Harm     .   n - +2 pair of gloves {Dex+3}
MR       +....                  C - +1 pair of boots
Stlth    ..........             R - amulet of regeneration
HPRegen  0.78/turn              O - ring of protection from cold
MPRegen  0.20/turn              j - ring of protection from fire

@: lethally poisoned (0 -> -91), divine shield, about to teleport, poison
vulnerable, slowed, glowing, constricted, very slow
A: retaliatory headbutt, beak, hooves 1, horns 2, rugged brown scales 1, thin
skeletal structure 1, clever 1, deformed body, robust 1, evolution 1
a: Divine Shield, Cleansing Flame, Summon Divine Warrior, Brand Weapon With Holy
Wrath, Renounce Religion


You were on level 4 of the Snake Pit.
You worshipped the Shining One.
The Shining One was exalted by your worship.
You were not hungry.

You visited 5 branches of the dungeon, and saw 28 of its levels.
You also visited: Ossuary and Ice Cave.

You collected 2898 gold pieces.
You spent 1092 gold pieces at shops.

Inventory:

Hand Weapons
 u - a +1 whip of freezing
 V - a +9 broad axe of electrocution (weapon)
Armour
 b - the +4 plate armour of the Swamp (worn) {rElec rPois rC+ Int+4}
   (You found it on level 12 of the Dungeon)

   It affects your intelligence (+4).
   It protects you from cold.
   It insulates you from electricity.
   It protects you from poison.
 d - a +0 shield of fire resistance (worn)
 n - a +2 pair of gloves of dexterity (worn)
 t - a scarf of spirit shield (worn)
 C - a +1 pair of boots (worn)
Jewellery
 a - an uncursed amulet of guardian spirit
 j - a ring of protection from fire (right hand)
 K - a +3 amulet of reflection
 O - a ring of protection from cold (left hand)
 R - an amulet of regeneration (around neck)
 T - an uncursed ring of resist corrosion
Wands
 i - a wand of acid (19)
 p - a wand of digging (8)
 r - a wand of polymorph (31)
 x - a wand of iceblast (11)
 B - a wand of scattershot (3)
 F - a wand of enslavement (7)
 M - a wand of paralysis (17)
 W - a wand of disintegration (29)
Scrolls
 e - 9 scrolls of identify
 g - 6 scrolls of teleportation
 s - 13 scrolls of amnesia
 y - 4 scrolls of magic mapping
 E - 6 scrolls of remove curse
Potions
 k - 3 potions of haste
 m - 6 potions of curing
 q - 4 potions of flight
 z - 4 potions of agility
 D - 4 potions of ambrosia
 I - 4 potions of cancellation
 L - 2 potions of might
 N - a potion of resistance
 X - 2 potions of brilliance
Comestibles
 c - 4 chunks of flesh
 f - 39 rations


   Skills:
 + Level 13.7 Fighting
 * Level 14.5(17.4) Axes
 - Level 16.2(18.2) Maces & Flails
 - Level 18.1 Armour
 * Level 7.2 Dodging
 - Level 10.0 Shields
 - Level 13.8 Invocations


You had 16 spell levels left.
You didn't know any spells.

Dungeon Overview and Level Annotations

Branches:
Dungeon (15/15)            Temple (1/1) D:6            Lair (6/6) D:9
 Shoals (0/4) Lair:3        Snake (4/4) Lair:3        Slime (0/5) Lair:6
    Orc (2/2) D:12            Elf (0/3) Orc:2        Vaults (0/5) D:14
 Depths (0/5) D:15

Altars:
Ashenzari
Cheibriados
Dithmenos
Elyvilon
Fedhas
Gozag
Hepliaklqana
Kikubaaqudgha
Makhleb
Nemelex Xobeh
Okawaru
Qazlal
Ru
Sif Muna
Trog
Uskayaw
Vehumet
Wu Jian
Xom
Yredelemnul
Zin
The Shining One

Shops:
D:5 [   D:12 *   Orc:2 !([:


Innate Abilities, Weirdness & Mutations

You reflexively headbutt those who attack you in melee.
You have a pair of horns on your head.
You have a beak for a mouth.
You have large cloven feet.
You are partially covered in rugged brown scales. (AC +1, +3% HP)
You have a somewhat thin skeletal structure. (Dex +2, Stealth)
Your mind is acute. (Int +2)
Armour fits poorly on your strangely shaped body.
You are robust. (+10% HP)
You evolve.


Message History

The nagaraja constricts you.
The naga sharpshooter mumbles some strange words.
The naga sharpshooter magically shoots an arrow.
You block the arrow. The nagaraja spits poison at you.
The splash of poison hits you!
You are more poisoned.
The naga ritualist spits poison at you. You block the splash of poison.
The nagaraja gestures at you while chanting.
The poison arrow hits you!
You are more poisoned.
* * * LOW HITPOINT WARNING * * *
The nagaraja constricts you.
The naga sharpshooter shoots an arrow.
You block the arrow.
The naga sharpshooter shoots an arrow.
The arrow hits you.
* * * LOW HITPOINT WARNING * * *
The nagaraja hits you but does no damage.
Okay, then.
The nagaraja's grasp on you weakens, but your attempt to escape fails.
You die...

#.....## ######.# ####...
.......###...##.##.......
!......##.......).....(...
............(((()..........
............................
............................
.......[....................
...............N)N..........
.........(.....N@)..........
...............NNN..........
................N†..........
...... .........†N........
...... #......N...........
..... #.........(........
.### #......#..))#.....# ##
###....#....#...###
##...#N...#.###


You could see 2 nagarajas, 2 naga sharpshooters, a naga ritualist and 4 nagas.

Vanquished Creatures
  Rupert (D:14)
  Roxanne (D:14)
  3 nagarajas
  A frost giant (IceCv)
  The ghost of komo4ek the Cruncher, a journeyman CeAr of Okawaru (D:12)
  A fire dragon (Lair:6)
  Josephine (D:11)
  An ogre mage (D:15)
  Harold (D:10)
  15 naga warriors
  10 hydras
  10 two-headed ogres
  2 anacondas
  5 centaur warriors
  9 death yaks
  Erica (D:11)
  2 tengu warriors
  6 naga sharpshooters
  Urug (Lair:5)
  6 shock serpents
  The ghost of
  1994 the Skirmisher, a novice NaTm (D:8)
  A skeletal warrior (D:15)
  A salamander mystic (Snake:2)
  A golden dragon zombie (D:15)
  5 unseen horrors
  A sea snake (Snake:3)
  3 naga ritualists
  2 wizards
  2 lindwurms (Lair:6)
  2 necromancers
  Pikel (D:6)
  6 mana vipers
  A phantasmal warrior (D:15)
  A wolf spider zombie (D:11)
  2 orc sorcerers (Orc:2)
  6 cyclopes
  5 orc knights
  A stone giant zombie (D:15)
  6 ugly things
  3 deep elf magi
  16 elephants
  30 black mambas
  A fire giant skeleton (D:15)
  5 guardian serpents
  10 salamanders
  Joseph (D:7)
  An ice statue (IceCv)
  5 naga magi
  2 gargoyles (D:14)
  12 spiny frogs
  The ghost of Quirk the Shield-Bearer, a novice GnFi (D:4)
  The ghost of Quirk the Shield-Bearer, a novice GnFi (D:3)
  Maurice (D:11)
  14 rime drakes
  5 torpor snails (Lair:6)
  A kobold demonologist (D:12)
  A komodo dragon (shapeshifter) (D:14)
  7 komodo dragons
  An efreet (D:11)
  2 hellwings (D:11)
  A meliai (D:12)
  3 tengu conjurers (D:15)
  A guardian mummy (D:15)
  21 polar bears
  7 trolls
  5 raiju (Lair:6)
  10 hornets
  11 slime creatures
  3 tyrant leeches (Lair:6)
  7 hippogriffs
  A meliai zombie (D:14)
  7 blink frogs
  4 dream sheep (Lair:5)
  An ettin skeleton (D:15)
  5 wyverns
  Sigmund (D:2)
  A spriggan (D:7)
  A shadow (D:14)
  62 yaks
  6 wraiths
  6 steam dragons
  3 basilisks
  2 hungry ghosts
  Menkaure (D:6)
  2 vampire mosquitoes (D:12)
  The ghost of anp the Sneak, an amateur OpTm (D:5)
  9 wargs
  17 nagas
  2 acid dragons
  5 porcupines
  Duvessa (D:7)
  12 hell hounds (Lair:6)
  10 water moccasins
  33 orc warriors
  2 ice beasts
  2 sky beasts
  A phantom (D:9)
  12 black bears
  2 hornet zombies
  11 ogres
  34 wolves
  27 centaurs
  10 crocodiles
  4 big kobolds
  17 bullfrogs
  A gnoll sergeant (D:10)
  A water moccasin zombie (D:7)
  A wyvern skeleton (D:14)
  Dowan (D:7)
  4 scorpions
  11 killer bees
  5 wights (D:8)
  2 electric eels
  A howler monkey (D:5)
  8 crimson imps
  2 bullfrog zombies
  A quasit (D:8)
  9 orc priests
  5 centaur zombies
  2 jellies
  Crazy Yiuf (D:6)
  7 centaur skeletons
  7 hounds
  18 orc wizards
  6 iguanas
  6 worker ants
  6 big kobold zombies (Ossuary)
  6 mummies
  Robin (D:2)
  9 gnolls
  11 adders
  8 shadow imps
  3 white imps (D:10)
  2 oozes
  An adder zombie (D:9)
  2 adder skeletons
  2 worms
  7 leopard geckos
  79 orcs
  8 bats
  4 giant cockroaches
  17 goblins
  15 hobgoblins
  25 kobolds
  4 quokkas
  7 frilled lizards
  A giant cockroach zombie (D:3)
  6 hobgoblin zombies
  A leopard gecko skeleton (D:7)
  A leopard gecko zombie (D:7)
  An orc zombie (D:5)
  A quokka zombie (D:5)
  9 rats
  5 plants (Lair:6)
971 creatures vanquished.

Vanquished Creatures (others)
  A death yak (IceCv)
  3 polar bears (IceCv)
  A yak (IceCv)
  A wolf (IceCv)
  An orc (D:6)
  4 fungi
  11 plants
22 creatures vanquished.

Grand Total: 993 creatures vanquished

Notes
Turn   | Place    | Note
-------+----------+-------------------------------------------
     0 | D:1      | xccam the Minotaur Fighter began the quest for the Orb.
     0 | D:1      | Reached XP level 1. HP: 19/19 MP: 0/0
    96 | D:1      | Reached XP level 2. HP: 23/26 MP: 1/1
   179 | D:1      | Reached skill level 4 in Armour
   295 | D:1      | Reached XP level 3. HP: 29/31 MP: 2/2
   728 | D:2      | Found a sparkling altar of Nemelex Xobeh.
   755 | D:2      | Reached XP level 4. HP: 12/39 MP: 3/3
   999 | D:2      | Noticed Robin
  1048 | D:2      | Killed Robin
  1186 | D:2      | Reached XP level 5. HP: 45/45 MP: 4/4
  1240 | D:2      | Noticed Sigmund
  1254 | D:2      | Killed Sigmund
  1254 | D:2      | Reached skill level 5 in Armour
  1254 | D:2      | Reached skill level 5 in Shields
  1254 | D:2      | Reached XP level 6. HP: 33/51 MP: 5/5
  1421 | D:3      | Noticed Quirk's ghost (novice GnFi)
  1806 | D:3      | Found a shattered altar of Ashenzari.
  1985 | D:3      | Found a sacrificial altar of Ru.
  2245 | D:3      | Found a snail-covered altar of Cheibriados.
  2342 | D:3      | Reached skill level 5 in Maces & Flails
  2396 | D:3      | Found a bloodstained altar of Trog.
  2616 | D:3      | Killed Quirk's ghost
  2616 | D:3      | Reached skill level 6 in Armour
  2616 | D:3      | Reached XP level 7. HP: 57/57 MP: 6/6
  3217 | D:4      | Found a shimmering altar of Xom.
  3217 | D:4      | Noticed Quirk's ghost (novice GnFi)
  3225 | D:4      | Killed Quirk's ghost
  3225 | D:4      | Reached skill level 7 in Armour
  3225 | D:4      | Reached XP level 8. HP: 23/64 MP: 7/7
  3600 | D:5      | Entered Level 5 of the Dungeon
  3842 | D:5      | Found a sand-covered staircase.
  3850 | Ossuary  | Entered an ossuary
  4183 | Ossuary  | Reached skill level 8 in Armour
  4220 | Ossuary  | Gained mutation: Armour fits poorly on your strangely shaped body. [potion of mutation]
  4220 | Ossuary  | Gained mutation: You evolve. [potion of mutation]
  4277 | D:5      | Noticed anp's ghost (amateur OpTm)
  4298 | D:5      | Killed anp's ghost
  4374 | D:5      | Found an ancient bone altar of Kikubaaqudgha.
  4529 | D:5      | Found Epreethoshro's Antique Armour Shop.
  4728 | D:6      | Found a staircase to the Ecumenical Temple.
  4739 | Temple   | Entered the Ecumenical Temple
  4883 | Temple   | Became a worshipper of the Shining One
  5046 | D:6      | Noticed Pikel
  5057 | D:6      | Killed Pikel
  5057 | D:6      | Reached skill level 9 in Armour
  5057 | D:6      | Reached XP level 9. HP: 57/70 MP: 6/8
  5118 | D:6      | Gained mutation: You are partially covered in rugged brown scales. (AC +1, +3% HP) [evolution]
  5495 | D:6      | Noticed Menkaure
  5506 | D:6      | Killed Menkaure
  5587 | D:6      | Found a runed door.
  5591 | D:6      | Noticed Crazy Yiuf
  5596 | D:6      | Killed Crazy Yiuf
  5949 | D:7      | Noticed Dowan
  5955 | D:7      | Noticed Duvessa
  5965 | D:7      | Killed Dowan
  5967 | D:7      | Paralysed by a hornet for 3 turns
  6346 | D:7      | Got a steaming chain mail
  6357 | D:7      | Identified the cursed +0 chain mail of Zavur {MR+ Str+4 Slay+2} (You found it on level 7 of the Dungeon)
  6451 | D:7      | Killed Duvessa
  6451 | D:7      | Reached skill level 10 in Armour
  6451 | D:7      | Reached skill level 10 in Shields
  6568 | D:7      | Noticed Joseph
  6581 | D:7      | Killed Joseph
  6581 | D:7      | Reached skill level 10 in Maces & Flails
  6888 | D:7      | Found a hazy altar of Hepliaklqana.
  6894 | D:7      | Gained mutation: You have a beak for a mouth. [evolution]
  6912 | D:7      | Found an iron altar of Okawaru.
  6915 | D:7      | Found a blossoming altar of Fedhas.
  7142 | D:8      | Noticed 1994's ghost (novice NaTm)
  7149 | D:8      | Killed 1994's ghost
  7149 | D:8      | Reached XP level 10. HP: 79/79 MP: 9/11
  7187 | D:8      | Reached * piety under the Shining One
  7245 | D:8      | Noticed a two-headed ogre
  7326 | D:8      | Killed a two-headed ogre
  7326 | D:8      | Reached skill level 11 in Armour
  7710 | D:8      | Reached skill level 5 in Invocations
  7805 | D:9      | Reached ** piety under the Shining One
  8001 | D:8      | Gained mutation: You rapidly evolve. [evolution]
  8050 | D:9      | Found a staircase to the Lair.
  8067 | D:9      | Reached skill level 12 in Armour
  8098 | D:9      | Reached XP level 11. HP: 56/84 MP: 10/14
  8411 | D:9      | Noticed a dagger
  8411 | D:9      | Noticed a dagger
  8412 | D:9      | Noticed a two-headed ogre
  8413 | D:9      | Found a hide-covered altar of Uskayaw.
  8418 | D:9      | Killed a two-headed ogre
  8590 | D:9      | Noticed a two-headed ogre
  8603 | D:9      | Killed a two-headed ogre
  8609 | D:9      | Reached *** piety under the Shining One
  8687 | D:9      | Gained mutation: Your spells are a little easier to cast, but a little less powerful. [evolution]
  8858 | D:10     | Entered Level 10 of the Dungeon
  9121 | D:10     | Noticed Harold
  9141 | D:10     | Killed Harold
  9141 | D:10     | Reached skill level 13 in Armour
  9773 | D:10     | Reached **** piety under the Shining One
  9892 | D:11     | Noticed Erica
  9912 | D:11     | Noticed an unseen horror
  9914 | D:11     | Killed Erica
  9914 | D:11     | Reached XP level 12. HP: 49/92 MP: 4/17
  9996 | D:11     | Gained mutation: You have large cloven feet. [evolution]
 10398 | D:11     | Noticed Josephine
 10410 | D:11     | Killed Josephine
 10410 | D:11     | Reached skill level 14 in Armour
 10427 | D:11     | Reached ***** piety under the Shining One
 10453 | D:11     | Noticed Maurice
 10461 | D:11     | Killed Maurice
 10887 | D:11     | Paralysed by a hornet for 2 turns
 11403 | Lair:1   | Entered Level 1 of the Lair of Beasts
 11621 | Lair:1   | Noticed a six-headed hydra
 11634 | Lair:1   | Killed a six-headed hydra
 11793 | Lair:1   | Noticed a six-headed hydra
 11799 | Lair:1   | Killed a six-headed hydra
 11943 | Lair:1   | Gained mutation: Your mind is acute. (Int +2) [evolution]
 12210 | Lair:2   | Reached skill level 10 in Invocations
 12486 | Lair:2   | Noticed a six-headed hydra
 12495 | Lair:2   | Killed a six-headed hydra
 12747 | Lair:3   | Reached XP level 13. HP: 101/101 MP: 10/19
 12747 | Lair:3   | Reached skill level 5 in Fighting
 12762 | Lair:3   | Reached skill level 15 in Armour
 12843 | Lair:3   | Found a staircase to the Shoals.
 12898 | Lair:3   | Found a frozen archway.
 12915 | IceCv    | Entered an ice cave
 12923 | IceCv    | Reached skill level 15 in Maces & Flails
 13493 | IceCv    | Noticed a frost giant
 13495 | IceCv    | Lost mutation: Your spells are a little easier to cast, but a little less powerful. [evolution]
 13951 | IceCv    | Killed a frost giant
 13953 | IceCv    | Got a crude amethyst amulet
 14021 | IceCv    | Identified the amulet "Iqo Ewk" {Harm *Drain +Blink +Fly rC+ Str-5} (You took it off a frost giant in an ice cave)
 14193 | Lair:3   | Found a staircase to the Snake Pit.
 14975 | Lair:4   | Reached XP level 14. HP: 76/119 MP: 16/21
 14985 | Lair:4   | Reached skill level 16 in Armour
 15431 | Lair:4   | Gained mutation: You are robust. (+10% HP) [evolution]
 16446 | Lair:5   | Identified a scroll of acquirement
 16713 | Lair:5   | Noticed Urug
 16726 | Lair:5   | Killed Urug
 16889 | Lair:6   | Entered Level 6 of the Lair of Beasts
 16895 | Lair:6   | Reached skill level 1 in Axes
 16927 | Lair:6   | Found a staircase to the Slime Pits.
 17112 | Lair:6   | Reached skill level 10 in Fighting
 17164 | Lair:6   | Reached skill level 5 in Axes
 17335 | Lair:6   | Got an ichor-stained hat
 17336 | Lair:6   | Identified the -6 hat of Ruaw {rElec} (You found it on level 6 of the Lair of Beasts)
 17343 | Lair:6   | Reached ****** piety under the Shining One
 17626 | Lair:6   | Reached XP level 15. HP: 142/144 MP: 23/23
 17867 | Lair:6   | Found a runed door.
 17904 | Lair:6   | Paralysed by a hornet for 3 turns
 17910 | Lair:6   | Reached skill level 17 in Armour
 18595 | D:12     | Noticed komo4ek's ghost (journeyman CeAr)
 18597 | D:12     | Gained mutation: You have a somewhat thin skeletal structure. (Dex +2, Stealth) [evolution]
 18604 | D:12     | Killed komo4ek's ghost
 18788 | D:12     | Got a translucent plate armour
 18789 | D:12     | Identified the +4 plate armour of the Swamp {rElec rPois rC+ Int+4} (You found it on level 12 of the Dungeon)
 18842 | D:12     | Found Onan's General Store.
 19126 | D:12     | Found a staircase to the Orcish Mines.
 19967 | D:13     | Got a pair of spiked gloves
 19978 | D:13     | Identified the +1 pair of gloves of Goprofof {rN+ Stlth+} (You acquired it on level 13 of the Dungeon)
 20124 | D:14     | Noticed Roxanne
 20167 | D:14     | Killed Roxanne
 20168 | D:14     | Identified Roxanne's Handbook of Transmutation (You took it off Roxanne on level 14 of the Dungeon)
 20222 | D:14     | Noticed Rupert
 20233 | D:14     | Paralysed by Rupert for 6 turns
 20241 | D:14     | Killed Rupert
 20344 | D:14     | Reached skill level 10 in Axes
 20566 | D:14     | Found a gate to the Vaults.
 20773 | D:15     | Entered Level 15 of the Dungeon
 20863 | D:15     | Reached XP level 16. HP: 147/157 MP: 23/25
 21190 | D:15     | Found a staircase to the Depths.
 21467 | D:15     | Got a warped chain mail
 21468 | D:15     | Identified the cursed +1 chain mail of the Iron City of Dis {Int+4} (You found it on level 15 of the Dungeon)
 21483 | D:15     | Lost mutation: You rapidly evolve. [evolution]
 22077 | Orc:1    | Entered Level 1 of the Orcish Mines
 22373 | Orc:1    | You fall through a shaft!
 22373 | Orc:2    | Entered Level 2 of the Orcish Mines
 22444 | Orc:2    | Reached skill level 18 in Armour
 22853 | Orc:2    | Found Wikoatin's Weapon Emporium.
 22853 | Orc:2    | Found Zuicof's Antique Armour Shop.
 22855 | Orc:2    | Found Sadogull's Book Boutique.
 22857 | Orc:2    | Found Doiw's Distillery.
 22862 | Orc:2    | Bought a transparent plate armour for 952 gold pieces
 22862 | Orc:2    | Identified the +2 plate armour "Ruesus" {rElec} (You bought it in a shop on level 2 of the Orcish Mines)
 22871 | Orc:2    | Bought a potion of heal wounds for 70 gold pieces
 22871 | Orc:2    | Bought a potion of heal wounds for 70 gold pieces
 22890 | Orc:2    | Found a staircase to the Elven Halls.
 23400 | Snake:1  | Entered Level 1 of the Snake Pit
 24606 | Snake:2  | Reached skill level 1 in Dodging
 25240 | Snake:3  | Got a jewelled great sword
 25246 | Snake:3  | Identified the +7 great sword of the Shark {vamp, +Blink +Rage rPois} (You found it on level 3 of the Snake Pit)
 25345 | Snake:3  | Reached skill level 5 in Dodging
 25439 | Snake:3  | Reached XP level 17. HP: 145/169 MP: 19/26
 26076 | Snake:4  | Entered Level 4 of the Snake Pit
 26305 | Snake:4  | Succumbed to a nagaraja's poison arrow

Skill      XL: |  1  2  3  4  5  6  7  8  9 10 11 12 13 14 15 16 17 |
---------------+----------------------------------------------------+-----
Shields        | 4 5 6 7 9 10 | 10.0
Maces & Flails | 3 4 6 7 8 10 11 13 14 15 16 | 16.2
Armour         | 4 5 6 7 9 10 12 13 14 15 16 17 18 | 18.1
Invocations    | 3 5 8 10 11 12 13 | 13.8
Fighting       | 4 8 10 12 13 | 13.7
Axes           | 6 11 13 14 | 14.5
Dodging        | 5 7 |  7.2

Action                   |  1- 3 |  4- 6 |  7- 9 | 10-12 | 13-15 | 16-18 || total
-------------------------+-------+-------+-------+-------+-------+-------++-------
Melee: Flail             |    74 |   140 |   243 |       |       |       ||   457
       Headbutt          |    11 |    24 |    82 |   191 |   338 |   111 ||   757
       Whip              |       |       |   136 |   715 |   670 |       ||  1521
       Peck              |       |       |     6 |   193 |   335 |   117 ||   651
       Kick              |       |       |       |    69 |       |       ||    69
       Broad axe         |       |       |       |       |   433 |   474 ||   907
Invok: Cleansing Flame   |       |       |       |     3 |    12 |     8 ||    23
       Divine Shield     |       |       |       |     3 |     5 |     9 ||    17
Evoke: Wand              |       |     3 |     6 |     3 |    25 |       ||    37
  Use: Scroll            |     2 |     2 |     9 |     8 |    19 |    11 ||    51
       Potion            |     3 |     3 |     7 |     3 |     2 |     3 ||    21
  Eat: Chunk             |       |     2 |    10 |    20 |    16 |     6 ||    54
       Ration            |       |     1 |     2 |       |     4 |     4 ||    11
Armor: Scale mail        |    40 |    62 |    82 |       |       |       ||   184
       Chain mail        |       |       |    11 |   160 |   309 |       ||   480
       Plate armour      |       |       |       |       |    78 |   210 ||   288
Dodge: Dodged            |    25 |    30 |    75 |   114 |   231 |   126 ||   601
Block: Shield            |    36 |    79 |   151 |   302 |   736 |   466 ||  1770
       Reflection        |       |       |       |     2 |     8 |       ||    10
